 Dungeon Crawl Stone Soup version 0.30.0-15-g856e2d3f33 (webtiles) character file.

Game seed: 14556559407811176855

134980 Sobieck the Cryomancer (level 17, -2/96 HPs)
             Began as a Gargoyle Earth Elementalist on May 18, 2023.
             Was the Champion of Vehumet.
             Killed from afar by Bai Suzhen (42 damage)
             ... with a torrent of water
             ... on level 3 of the Shoals.
             The game lasted 01:41:34 (27034 turns).

Sobieck the Cryomancer (GrEE)                      Turns: 27034, Time: 01:41:34

Health: -2/96      AC: 27    Str: 12    XL:     17   Next: 18%
Magic:  4/42       EV: 13    Int: 24    God:    Vehumet [******]
Gold:   1441       SH:  4    Dex: 10    Spells: 4/40 levels left

rFire   + . .        a - staff of cold {!astaff}
rCold   + + .        V - +0 buckler
rNeg    + + .        M - +2 robe {Will+}
rPois   ∞            q - +2 helmet {Int+3}
rElec   +            v - +2 cloak
rCorr   .            d - +1 pair of gloves of Indecent Exposure {Will+}
SInv    .            s - +2 pair of boots {Fly}
Will    ++++.        j - amulet of magic regeneration {@e2}
Stlth   ++           X - ring of magical power
HPRegen 0.36/turn    y - ring of Midsummer {rF+ rC+ rN+ Will+ Str-3}
MPRegen 0.68/turn

%: no passive effects
@: flying, studying Dodging
A: sickness immunity, AC +12, big wings, negative energy resistance 1,
electricity resistance, torment resistance 1, petrification resistance
a: Renounce Religion


You were on level 3 of the Shoals.
You worshipped Vehumet.
Vehumet was exalted by your worship.
You visited 5 branches of the dungeon, and saw 26 of its levels.
You also visited: Ossuary.

You collected 3531 gold pieces.
You spent 2090 gold pieces at shops.


Innate Abilities, Weirdness & Mutations

You are immune to sickness and miasma.
Your stone body is resilient. (AC +12)
You are immune to poison.
Your large and strong wings let you fly.
You resist negative energy. (rN+)
You are resistant to electric shocks. (rElec)
You are resistant to unholy torment.
You are immune to petrification.


   Skills:
 - Level 7.0 Fighting
 - Level 7.0 Dodging
 - Level 2.1 Stealth
 - Level 3.0 Shields
 - Level 12.0 Spellcasting
 - Level 8.0 Conjurations
 - Level 0.7 Transmutations
 * Level 21.6 Ice Magic
 - Level 4.0 Air Magic
 - Level 13.0 Earth Magic


You had 4 spell levels left.
You knew the following spells:

 Your Spells              Type           Power      Damage    Failure   Level
a - Freezing Cloud        Conj/Ice/Air   40%        6-21      1%          5
b - Iron Shot             Conj/Erth      29%        9d6       3%          6
c - Ozocubu's Refrigerat  Ice            54%        4d19      1%          7
d - Lee's Rapid Deconstr  Erth           33%        3d17*     1%          5
e - Sandblast             Erth           100%       2d20      1%          1
f - Stone Arrow           Conj/Erth      100%       3d13      1%          3
g - Polar Vortex          Ice            54%        N/A       21%         9

Your spell library contained the following spells:

 Spells                   Type           Power      Damage    Failure   Level
 Plasma Beam              Fire/Air       12%        2x1d25    65%         6
 Passwall                 Tmut/Erth      39%        N/A       1%          2
 Poisonous Vapours        Pois/Air       48%        N/A       1%          2
 Static Discharge         Conj/Air       86%        2-6/arc   1%          2
 Mephitic Cloud           Conj/Pois/Air  33%        N/A       1%          3
 Petrify                  Tmut/Erth      47%        N/A       3%          4
 Leda's Liquefaction      Hex/Erth       22%        N/A       4%          4
 Apportation              Tloc           28%        N/A       6%          1
 Necrotise                Necr           56%        1d6       6%          1
 Slow                     Hex            56%        N/A       6%          1
 Summon Small Mammal      Summ           56%        N/A       6%          1
 Olgreb's Toxic Radiance  Pois           14%        N/A       16%         4
 Confusing Touch          Hex            14%        N/A       17%         3
 Vampiric Draining        Necr           14%        2d7       17%         3
 Iskenderun's Battlesphe  Conj           51%        2d10      1%          5
 Irradiate                Conj/Tmut      17%        3d17      7%          5
 Simulacrum               Ice/Necr       39%        N/A       11%         6
 Starburst                Conj/Fire      16%        6d6       38%         6
 Orb of Destruction       Conj           25%        9d9       41%         7
 Spellforged Servitor     Conj/Summ      16%        N/A       90%         7
 Malign Gateway           Summ/Tloc      7%         N/A       100%        7
 Discord                  Hex            7%         N/A       100%        8
 Ignition                 Fire           7%         3d4       100%        8
 Sublimation of Blood     Necr           Unusable   N/A       N/A         2
 Statue Form              Tmut/Erth      Unusable   N/A       N/A         6

Inventory:

Missiles
 o - 4 silver boomerangs {throwing}
 z - 45 poisoned darts {throwing}
 C - 43 boomerangs {throwing}
 L - 2 throwing nets {=f!fthrowing}
 P - 8 curare-tipped darts {=fthrowing}
Armour
 d - the +1 pair of gloves of Indecent Exposure (worn) {Will+}
   (You found it on level 15 of the Dungeon)

   Will:      It increases your willpower.
 q - a +2 helmet of intelligence (worn)
   (You bought it in a shop on level 2 of the Orcish Mines)
 s - a +2 pair of boots of flying (worn)
   (You found it on level 2 of the Dungeon)
 v - a +2 cloak (worn)
   (You found it on level 12 of the Dungeon)
 M - a +2 robe of willpower (worn)
   (You took it off an orc wizard on level 12 of the Dungeon)
 V - a +0 buckler (worn)
   (You found it on level 1 of the Lair of Beasts)
Magical Staves
 a - a staff of cold (weapon) {!astaff}
   (You found it on level 5 of the Dungeon)
 b - a staff of conjuration {!a@e2staff}
   (You found it on level 1 of the Dungeon)
Jewellery
 e - a ring of resist corrosion
   (You took it off a tengu warrior on level 15 of the Dungeon)
 j - an amulet of magic regeneration (around neck) {@e2}
   (You found it on level 1 of the Dungeon)
 x - a +6 ring of intelligence
   (You found it on level 5 of the Lair of Beasts)
 y - the ring of Midsummer (right hand) {rF+ rC+ rN+ Will+ Str-3}
   (You bought it in a shop on level 12 of the Dungeon)

   [ring of protection from fire]

   Str:       It affects your strength (-3).
   rF:        It protects you from fire.
   rC:        It protects you from cold.
   rN:        It protects you from negative energy.
   Will:      It increases your willpower.
 O - a +6 ring of intelligence
   (You found it on level 2 of the Lair of Beasts)
 Q - a ring of ice
   (You found it on level 10 of the Dungeon)
 R - a ring of wizardry
   (You found it on level 11 of the Dungeon)
 S - a ring of ice
   (You took it off Fannar on level 1 of the Lair of Beasts)
 X - a ring of magical power (left hand)
   (You took it off a kobold on level 6 of the Dungeon)
Wands
 i - a wand of mindburst (12)
   (You took it off Joseph on level 1 of the Lair of Beasts)
 k - a wand of digging (2)
   (You found it on level 5 of the Lair of Beasts)
 H - a wand of flame (19)
   (You found it on level 8 of the Dungeon)
 N - a wand of acid (9)
   (You took it off a kobold demonologist on level 9 of the Dungeon)
 T - a wand of paralysis (7)
   (You found it on level 11 of the Dungeon)
 U - a wand of roots (5)
   (You found it on level 5 of the Lair of Beasts)
Scrolls
 c - 8 scrolls of fog
 f - a scroll of torment {!r}
 g - 5 scrolls of fear
 m - 3 scrolls of immolation {!r!r}
 p - 2 scrolls of silence {!r}
 E - 2 scrolls of blinking {!r}
 G - 10 scrolls of teleportation {@r4}
 I - 5 scrolls of magic mapping {!r}
 K - 3 scrolls of noise {!r}
 W - 6 scrolls of identify {@r1}
 Z - 3 scrolls of vulnerability {!r!r}
Potions
 h - 3 potions of resistance
 l - 14 potions of heal wounds {@q2}
 n - 2 potions of invisibility
 r - 6 potions of mutation {!q}
 t - 5 potions of lignification {!q}
 u - 3 potions of cancellation
 w - 3 potions of berserk rage {!q}
 A - 2 potions of brilliance
 B - 4 potions of ambrosia
 F - 6 potions of attraction {!q}
 J - 9 potions of curing {@q1}
 Y - 2 potions of haste {@q3}

Dungeon Overview and Level Annotations

Branches:
Dungeon (15/15) Zot: 25621  Temple (0/1) D:7            Lair (5/5) D:11 Zot: 23390
 Shoals (3/4) Lair:3 Zot: 15161  Spider (1/4) Lair:2 Zot: 5005   Slime (0/5) Lair:4
    Orc (2/2) D:11 Zot: 9834     Elf (0/3) Orc:2        Vaults (0/5) D:14
 Depths (0/4) D:15        Ossuary (visited)

Altars:
Ashenzari
Fedhas
Gozag
Hepliaklqana
Kikubaaqudgha
Nemelex Xobeh
Okawaru
Sif Muna
Vehumet
Wu Jian
Xom
Yredelemnul
Zin
The Shining One
Jiyva

Shops:
D:7 [   D:11 *   D:12 =*   Orc:1 *   Orc:2 *[=[   Shoals:3 !

Annotations:
D:14 3 runed translucent doors, pdpol's ghost, journeyman MiFi
Shoals:1 1 runed translucent door, 2 transporters, exclusion: orange crystal statue, KappaVara's ghost, adept DsFi
Shoals:3 Bai Suzhen
Orc:2 exclusion: 2 upstairs

§§~~~~~~PPP###P.~~≈≈≈≈≈≈~~~~~~~~~
~§≈≈~~~~~.####...P≈≈≈≈≈≈~....~~~~
§§~§§≈~~~...##...~≈≈≈≈≈≈~####.~~≈
~§§§§§~~~~^......~P~~~≈≈.# ##.~~≈
~~P≈§≈§~~~~~~~~~P~~~~~~~.###..~~≈
≈≈≈§§≈≈§§~~~~~~~P~~~~~~~.##...~≈≈
≈≈≈≈≈§§§≈≈~§~~mt~P~~~~~~......~~≈
≈≈≈≈≈≈≈§≈§D§≈≈≈~~~~~E~~~~~....~~~
≈≈≈≈≈≈≈≈≈≈§§≈≈≈E@~~~~~~~~~.......
≈≈≈≈≈≈≈≈≈≈≈≈≈≈≈≈≈m≈≈≈~~~.........
≈≈≈≈≈≈≈≈≈≈≈≈≈≈≈≈≈≈≈≈≈≈~~..##....)
≈≈≈≈≈≈≈≈≈≈≈≈≈≈≈≈≈≈≈≈≈≈~~~......~~
≈≈≈≈≈≈≈≈≈≈≈≈≈≈≈≈≈≈≈≈≈≈~~~~~~~~~~~
≈≈≈≈≈≈≈≈≈≈≈≈≈≈≈≈≈≈≈≈≈≈≈~~~~~≈~~~~
≈≈≈≈≈≈≈≈≈≈≈≈≈≈≈≈≈≈≈≈≈≈~~~~~~~~~~~
≈≈≈≈≈≈≈≈≈≈≈≈≈≈≈≈≈≈≈≈≈≈~~≈≈~~~~~≈≈
≈≈≈≈≈≈≈≈≈≈≈≈≈≈≈≈≈≈≈≈≈≈~~~~~~~~≈≈≈


You could see Bai Suzhen (clouds, catching breath, ally target), a friendly
merfolk aquamancer (summoned), a friendly snapping turtle (summoned), a friendly
merfolk (summoned) and 2 friendly water elementals.


Message History

Bai Suzhen hits you but does no damage. Bai Suzhen closely misses you.
Unknown command.
Casting: Iron Shot (dangerous; 3% risk of failure)
Confirm with . or Enter, or press ? or * to list all spells.
Aiming: Iron Shot (dangerous; 3% risk of failure)
Press: ? - help, Shift-Dir - straight line, f/p - Bai Suzhen
Aim: Bai Suzhen, wielding a +0 quarterstaff (heavily wounded, 82% to hit)
You feel a surge of power!
The iron shot hits Bai Suzhen!!
Bai Suzhen roars in fury and transforms into a fierce dragon!
Bai Suzhen bites you but does no damage.
Bai Suzhen claws you but does no damage.
Bai Suzhen closely misses you.
Unknown command.
Casting: Iron Shot (dangerous; 3% risk of failure)
Confirm with . or Enter, or press ? or * to list all spells.
Aiming: Iron Shot (dangerous; 3% risk of failure)
Press: ? - help, Shift-Dir - straight line, f/p - Bai Suzhen
Aim: Bai Suzhen (heavily wounded, surrounded by thunder, 95% to hit)
You feel a surge of power!
The iron shot hits Bai Suzhen!
You are engulfed in a thunderstorm.
You resist.
Bai Suzhen bites you but does no damage.
Bai Suzhen claws you but does no damage.
Bai Suzhen tramples you.
You are shoved backwards!
Unknown command.
Casting: Iron Shot (dangerous; 3% risk of failure)
Confirm with . or Enter, or press ? or * to list all spells.
Aiming: Iron Shot (dangerous; 3% risk of failure)
Press: ? - help, Shift-Dir - straight line, f/p - Bai Suzhen
Aim: Bai Suzhen (severely wounded, surrounded by thunder, 95% to hit)
You feel a surge of power!
The iron shot hits Bai Suzhen!!
You are engulfed in a thunderstorm.
You resist. Bai Suzhen bites you! Bai Suzhen closely misses you.
Bai Suzhen tramples you but does no damage.
Unknown command.
Okay, then.
Unknown command.
Unknown command.
Okay, then.
Unknown command.
Really read
E - 3 scrolls of blinking {!r}?
Blink to where?
Press: ? - help, Dir - move target, p - Bai Suzhen
As you read the scroll of blinking {!r}, it crumbles to dust.
Unknown command.
As you read the scroll of summoning, it crumbles to dust.
Wisps of shadow whirl around you...
Your wind drake flaps its wings at Bai Suzhen.
The air twists around and strikes Bai Suzhen!!
Bai Suzhen breathes water at your wind drake.
The torrent of water hits your wind drake!!!
The wave splashes down.
Your wind drake exhales a fierce blast of wind!
Bai Suzhen is knocked back by the gust of wind.
Your wind drake flaps its wings at Bai Suzhen.
The air twists around and strikes Bai Suzhen.
Unknown command.
Unknown command.
Your wind drake is engulfed in a thunderstorm.
Your wind drake dies!
Your wind drake's corpse dissolves into shadows!
a - a staff of cold (weapon)
{!astaff} Unknown command.
Unknown command.
Casting: Iron Shot (dangerous; 3% risk of failure)
Confirm with . or Enter, or press ? or * to list all spells.
You feel a surge of power!
The heat is drained from your surroundings.
Bai Suzhen resists.
The plant begins to die. x32
Bai Suzhen inspects her gathered herbal reagents.
Casting: Ozocubu's Refrigeration (dangerous; 1% risk of failure)
Confirm with . or Enter, or press ? or * to list all spells.
You don't have enough magic to cast this spell.
Your magical contamination has completely faded away.
A nearby plant withers and dies.
A nearby plant withers and dies. x14
A nearby plant withers and dies. x16
Bai Suzhen breathes water at you. You block the torrent of water.
The wave splashes down.
Casting: Ozocubu's Refrigeration (dangerous; 1% risk of failure)
Confirm with . or Enter, or press ? or * to list all spells.
You feel a surge of power!
The heat is drained from your surroundings.
Bai Suzhen resists.
The plant begins to die. x5
Bai Suzhen breathes water at you. The torrent of water hits you!!
* * * LOW HITPOINT WARNING * * *
You are knocked back by the torrent of water.
The wave splashes down.
Unknown command.
Casting: Ozocubu's Refrigeration (dangerous; 1% risk of failure)
Confirm with . or Enter, or press ? or * to list all spells.
Okay, then.
As you read the scroll of summoning, it crumbles to dust.
Wisps of shadow whirl around you...
You swap places.
Bai Suzhen twists and twirls her body through the storm.
Bai Suzhen breathes water at you.
The torrent of water passes through your water elemental.
The torrent of water hits you!!!
You die...

Skill      XL: |  1  2  3  4  5  6  7  8  9 10 11 12 13 14 15 16 |
---------------+-------------------------------------------------+-----
Earth Magic    | 4 5 6 8 9 11 12 13 | 13.0
Fighting       | 1 2 4 6 7 |  7.0
Dodging        | 2 3 5 6 7 |  7.0
Conjurations   | 4 6 8 |  8.0
Spellcasting   | 4 6 9 10 11 12 | 12.0
Ice Magic      | 5 11 13 15 18 21 | 21.6
Air Magic      | 4 |  4.0
Shields        | 2 3 |  3.0
Stealth        | |  2.1
Transmutations | |  0.7

Action                     |  1- 3 |  4- 6 |  7- 9 | 10-12 | 13-15 | 16-18 || total
---------------------------+-------+-------+-------+-------+-------+-------++-------
  Throw: Stone             |       |     2 |     7 |       |       |       ||     9
         Dart              |       |       |       |     3 |       |       ||     3
   Cast: Sandblast         |    44 |    72 |   192 |   201 |    15 |       ||   524
         Stone Arrow       |       |     1 |    21 |    69 |   102 |    18 ||   211
         Freezing Cloud    |       |       |       |    49 |   181 |    45 ||   275
         Iron Shot         |       |       |       |       |    68 |    31 ||    99
         Ozocubu's Refrige |       |       |       |       |    79 |   105 ||   184
         Lee's Rapid Decon |       |       |       |       |     2 |       ||     2
    Use: Scroll            |       |     6 |    19 |     4 |     6 |     5 ||    40
         Potion            |       |       |       |     2 |     1 |     3 ||     6
 Armour: Robe              |       |    21 |    29 |    15 |    36 |    91 ||   192
         Steam dragon scal |       |       |     5 |    35 |       |       ||    40
         Acid dragon scale |       |       |       |    44 |       |       ||    44
  Dodge: Dodged            |     3 |    32 |    57 |   161 |    52 |    44 ||   349
  Block: Buckler           |       |       |       |     5 |    27 |    24 ||    56

Levels and vault maps discovered:
D:1:      elethiomel_arrival_quiet, layout_basic,
          shapermc_ecumenical_altar_mp_vishouse, amcnicky_mini_pool_small
D:2:      layout_rooms
D:3:      layout_basic, mainiacjoe_overflow_brackets, minmay_misc_feat_square
D:4:      layout_rooms, pdpol_wu_jian_five_deadly_venoms,
          kennysheep_decorative_pillar, uniq_edmund
D:5:      layout_loops_ring
D:6:      layout_rooms, kennysheep_mini_moat,
          nicolae_overflow_hallway_of_the_gods, nicolae_ossuary_entry_monument,
          chequers_serial_rivers_small_b, kennysheep_windowed_goal
D:7:      layout_basic, tso_altar, minmay_temple_entry_statues, serial_shops,
          nicolae_inconvenience_store, uniq_maggie
D:8:      layout_gridville, marbit_many_paths, serial_rivers,
          chequers_serial_rivers_small_a, chequers_serial_rivers_large_a,
          chequers_serial_rivers_room_a, chequers_serial_rivers_small_a,
          uniq_pikel, uniq_erica
D:9:      minmay_distorted_concentric_squares, layout_rooms
D:10:     layout_gridville, roderic_lattice_a, nicolae_straight_to_the_point,
          uniq_lodul, uniq_urug, uniq_josephine, uniq_sonja
D:11:     layout_irregular_city, david_lair_generic, hiddenorc1_lemuel,
          serial_shops, shop, st_stairs_3, nicolae_elevator_lobby_asterisk
D:12:     layout_basic, dreamdust_wishing_well, drop_trap,
          nicolae_shop_unique_rings, nicolae_alphabet_shops
D:13:     layout_basic, fedhas_bush_and_centaur_altar
D:14:     layout_roguey, david_vaults_1, gammafunk_ghost_hydra_chop,
          fiery_altar_vehumet
D:15:     hangedman_depths_entry_civil_slaughter, layout_cave_pools,
          hangedman_decor_slide_cut, grunt_decor_cap, hangedman_aviary
Lair:1:   layout_small_grid, minivault_11, grunt_megastairs_1,
          lemuel_fruit_tree, infiniplex_staircase_pool_2, uniq_fannar,
          uniq_joseph
Lair:2:   layout_layer_cave, spider_nest_entry_a, chequers_serial_rivers_room_b,
          lemuel_fruit_fields
Lair:3:   layout_small_grid, elwin_shoals_entry_rooms, infiniplex_staircase_pool
Lair:4:   layout_cave_shapes, nicolae_slime_entry_field_trip,
          roderic_carrion_pond, lemuel_fruit_fields
Lair:5:   evilmike_catoblepas_cave, layout_long_grid,
          chequers_serial_rivers_micro_d, minmay_stone_trees_small
Shoals:1: gammafunk_sealed_arena, layout_shoals, ebering_ghost_xom
Shoals:2: layout_shoals, uniq_polyphemus
Shoals:3: layout_shoals, serial_shops, shop, uniq_bai_suzhen
Spider:1: nicolae_spider_jumping_over_cracks [nicolae_spider_jumping_sub_offset,
          nicolae_spider_jumping_sub_offset, nicolae_spider_jumping_sub_no_exit,
          nicolae_spider_jumping_sub_notch],
          portal_ice_cave_entry_frozen_things,
          nicolae_spider_twisty_arc_passages, uniq_agnes
Orc:1:    layout_diamond_mine, serial_shops, shop
Orc:2:    hellmonk_orc_salted, layout_caves, basic_altar, minmay_orc_temple_c,
          uniq_snorg

Notes
Turn   | Place    | Note
-------+----------+-------------------------------------------
     0 | D:1      | Sobieck the Gargoyle Earth Elementalist began the quest for
                  | the Orb.
     0 | D:1      | Reached XP level 1. HP: 10/10 MP: 3/3
   189 | D:1      | Reached skill level 4 in Earth Magic
   293 | D:1      | Reached XP level 2. HP: 15/15 MP: 3/5
   819 | D:1      | Reached XP level 3. HP: 17/19 MP: 4/6
   911 | D:1      | Found a faded altar of an unknown god.
   986 | D:2      | Reached skill level 5 in Earth Magic
  1160 | D:2      | Learned a level 3 spell: Stone Arrow
  1557 | D:3      | Reached XP level 4. HP: 24/24 MP: 7/7
  1668 | D:3      | Reached skill level 6 in Earth Magic
  1733 | D:3      | Found a sparkling altar of Nemelex Xobeh.
  1887 | D:3      | Reached XP level 5. HP: 28/28 MP: 8/8
  2105 | D:3      | Reached skill level 7 in Earth Magic
  2266 | D:3      | Reached skill level 8 in Earth Magic
  2266 | D:3      | Reached XP level 6. HP: 32/32 MP: 9/9
  2374 | D:4      | Reached skill level 1 in Fighting
  2476 | D:4      | You pick up a book of Cantrips and begin reading...
  2476 | D:4      | You add the spells Necrotise, Summon Small Mammal and
                  | Apportation to your library.
  2484 | D:4      | Reached skill level 2 in Dodging
  2494 | D:4      | Reached XP level 7. HP: 38/38 MP: 8/10
  2728 | D:4      | Noticed Edmund
  2847 | D:4      | Found an ornate altar of the Wu Jian Council.
  2852 | D:4      | Noticed a spectral centipede
  2852 | D:4      | Noticed a spectral black mamba
  2852 | D:4      | Noticed a spectral cane toad
  2994 | D:4      | Killed Edmund
  2995 | D:4      | Reached skill level 2 in Fighting
  3021 | D:5      | Entered Level 5 of the Dungeon
  3069 | D:5      | Reached skill level 9 in Earth Magic
  3175 | D:5      | Reached skill level 2 in Conjurations
  3215 | D:5      | Reached skill level 3 in Conjurations
  3274 | D:5      | Reached skill level 4 in Conjurations
  3274 | D:5      | Reached XP level 8. HP: 36/45 MP: 10/12
  3321 | D:5      | Reached skill level 3 in Spellcasting
  3586 | D:5      | Reached skill level 3 in Fighting
  3679 | D:6      | Reached skill level 3 in Dodging
  4023 | D:6      | Noticed a yak
  4024 | D:6      | Noticed a yak
  4030 | D:6      | Noticed a yak
  4095 | D:6      | Found a hazy altar of Hepliaklqana.
  4098 | D:6      | Found a radiant altar of Vehumet.
  4102 | D:6      | Found an ancient bone altar of Kikubaaqudgha.
  4103 | D:6      | Found a blossoming altar of Fedhas.
  4105 | D:6      | Found a shimmering blue altar of Sif Muna.
  4108 | D:6      | Became a worshipper of Vehumet
  4110 | D:6      | Found a broken altar of Ashenzari.
  4110 | D:6      | Found an opulent altar of Gozag.
  4113 | D:6      | Found a shimmering altar of Xom.
  4116 | D:6      | Found a glowing silver altar of Zin.
  4204 | D:6      | Killed a yak
  4205 | D:6      | Reached skill level 4 in Fighting
  4205 | D:6      | Reached skill level 4 in Spellcasting
  4209 | D:6      | Killed a yak
  4210 | D:6      | Reached XP level 9. HP: 28/52 MP: 12/15
  4212 | D:6      | Reached skill level 10 in Earth Magic
  4219 | D:6      | Reached skill level 4 in Dodging
  4261 | D:6      | Found an iron altar of Okawaru.
  4289 | D:6      | Found a sand-covered staircase.
  4291 | D:6      | You pick up a book of Vapours and begin reading...
  4291 | D:6      | You add the spells Poisonous Vapours, Mephitic Cloud and
                  | Freezing Cloud to your library.
  4301 | Ossuary  | Entered an ossuary
  4405 | Ossuary  | Reached * piety under Vehumet
  4405 | Ossuary  | Offered knowledge of Magic Dart by Vehumet.
  4578 | Ossuary  | Noticed Menkaure
  4580 | Ossuary  | Killed Menkaure
  4581 | Ossuary  | Reached skill level 5 in Fighting
  4588 | Ossuary  | Offered knowledge of Searing Ray by Vehumet.
  4592 | Ossuary  | Reached ** piety under Vehumet
  5239 | D:7      | Identified the +3 robe "Vypylext" {Str+2}
  5343 | D:7      | Noticed Maggie
  5358 | D:7      | Killed Maggie
  5359 | D:7      | Reached skill level 5 in Spellcasting
  5496 | D:7      | Found a staircase to the Ecumenical Temple.
  5798 | D:7      | Found a glowing golden altar of the Shining One.
  5913 | D:7      | Found Digagor's Armour Shoppe.
  6131 | D:8      | Noticed Pikel
  6133 | D:8      | Reached skill level 6 in Fighting
  6141 | D:7      | Killed Pikel
  6142 | D:7      | Reached skill level 5 in Dodging
  6142 | D:7      | Reached skill level 6 in Spellcasting
  6142 | D:7      | Reached skill level 11 in Earth Magic
  6142 | D:7      | Reached XP level 10. HP: 52/60 MP: 10/19
  6171 | D:8      | Offered knowledge of Ignite Poison by Vehumet.
  6266 | D:8      | Found a basalt altar of Yredelemnul.
  6313 | D:8      | Noticed a two-headed ogre
  6325 | D:8      | Killed a two-headed ogre
  6326 | D:8      | Reached skill level 6 in Dodging
  6370 | D:8      | Noticed Erica
  6374 | D:8      | Killed Erica
  6375 | D:8      | Reached skill level 7 in Spellcasting
  6397 | D:8      | Reached *** piety under Vehumet
  6493 | D:8      | Reached skill level 8 in Spellcasting
  6507 | D:8      | Offered knowledge of Hailstorm by Vehumet.
  6878 | D:9      | Reached skill level 9 in Spellcasting
  6980 | D:9      | Noticed a tengu warrior
  6988 | D:9      | Killed a tengu warrior
  6989 | D:9      | Reached XP level 11. HP: 34/64 MP: 20/24
  7082 | D:9      | Reached skill level 10 in Spellcasting
  7233 | D:9      | Reached **** piety under Vehumet
  7341 | D:9      | Offered knowledge of Arcjolt by Vehumet.
  7659 | D:10     | Entered Level 10 of the Dungeon
  7770 | D:10     | You pick up a book of Ice and begin reading...
  7770 | D:10     | You add the spells Simulacrum, Ozocubu's Refrigeration and
                  | Polar Vortex to your library.
  7813 | D:10     | Learned a level 5 spell: Freezing Cloud
  7868 | D:10     | Noticed Josephine
  7900 | D:10     | Killed Josephine
  7901 | D:10     | Reached skill level 7 in Fighting
  7901 | D:10     | Reached skill level 1 in Ice Magic
  7901 | D:10     | Reached skill level 1 in Air Magic
  8091 | D:10     | Noticed Sonja
  8108 | D:10     | Killed Sonja
  8109 | D:10     | Reached skill level 2 in Ice Magic
  8109 | D:10     | Reached skill level 2 in Air Magic
  8280 | D:10     | Noticed Urug
  8294 | D:10     | Killed Urug
  8295 | D:10     | Reached skill level 7 in Dodging
  8537 | D:10     | Reached skill level 3 in Ice Magic
  8572 | D:10     | Noticed Lodul
  8609 | D:10     | Killed Lodul
  8610 | D:10     | Reached skill level 3 in Air Magic
  8613 | D:10     | Reached skill level 4 in Ice Magic
  8614 | D:10     | Reached ***** piety under Vehumet
  8917 | D:11     | Offered knowledge of Orb of Destruction by Vehumet.
  8953 | D:11     | Found a staircase to the Lair.
  8958 | D:11     | Reached skill level 4 in Air Magic
  9036 | D:11     | Found Kamoewah's General Store.
  9198 | D:11     | Reached skill level 5 in Ice Magic
  9198 | D:11     | Reached XP level 12. HP: 66/72 MP: 26/26
  9506 | D:11     | Noticed a boulder beetle
  9518 | D:11     | Killed a boulder beetle
  9519 | D:11     | Reached skill level 6 in Ice Magic
  9725 | D:11     | Found a staircase to the Orcish Mines.
  9897 | Lair:1   | Entered Level 1 of the Lair of Beasts
  9898 | Lair:1   | Noticed Joseph
  9902 | Lair:1   | Reached skill level 7 in Ice Magic
  9905 | Lair:1   | Killed Joseph
  9917 | Lair:1   | Learned a level 7 spell: Ozocubu's Refrigeration
 10020 | Lair:1   | Reached skill level 8 in Ice Magic
 10170 | Lair:1   | Learned a level 7 spell: Orb of Destruction
 10240 | Lair:1   | Noticed Fannar
 10251 | Lair:1   | Killed Fannar
 10252 | Lair:1   | Reached skill level 9 in Ice Magic
 10598 | Lair:1   | Reached skill level 10 in Ice Magic
 10833 | Lair:1   | Reached skill level 11 in Ice Magic
 10889 | Lair:1   | You pick up a book of the Earth and begin reading...
 10889 | Lair:1   | You add the spells Leda's Liquefaction and Lee's Rapid
                  | Deconstruction to your library.
 10896 | Lair:1   | Learned a level 5 spell: Lee's Rapid Deconstruction
 11376 | Lair:2   | Reached skill level 1 in Shields
 11389 | Lair:2   | Noticed a five-headed hydra
 11394 | Lair:2   | Killed a five-headed hydra
 11394 | Lair:2   | Offered knowledge of Iron Shot by Vehumet.
 11395 | Lair:2   | Reached skill level 2 in Shields
 11460 | D:11     | Bought a scroll of amnesia for 60 gold pieces
 11468 | D:11     | Learned a level 6 spell: Iron Shot
 11667 | Lair:2   | Reached XP level 13. HP: 56/76 MP: 27/27
 11885 | Lair:2   | Reached skill level 3 in Shields
 11895 | Lair:2   | Reached skill level 5 in Conjurations
 12055 | Lair:2   | You pick up a book of Debilitation and begin reading...
 12055 | Lair:2   | You add the spells Slow, Vampiric Draining and Confusing
                  | Touch to your library.
 12141 | Lair:2   | Found a hole to the Spider Nest.
 13319 | Lair:3   | Found a staircase to the Shoals.
 13377 | Lair:3   | You pick up a book of Power and begin reading...
 13377 | Lair:3   | You add the spells Iskenderun's Battlesphere and
                  | Spellforged Servitor to your library.
 14002 | Lair:4   | Reached skill level 6 in Conjurations
 14011 | Lair:4   | Reached skill level 12 in Ice Magic
 14065 | Lair:4   | Found a staircase to the Slime Pits.
 14072 | Lair:4   | Found a viscous altar of Jiyva.
 14345 | Lair:5   | Entered Level 5 of the Lair of Beasts
 14358 | Lair:5   | Reached skill level 11 in Spellcasting
 14824 | Lair:5   | Reached skill level 13 in Ice Magic
 14850 | Lair:4   | Gained mutation: Your large and strong wings let you fly.
                  | [Gargoyle growth]
 14850 | Lair:4   | Reached XP level 14. HP: 41/82 MP: 13/29
 15022 | Lair:5   | Reached skill level 7 in Conjurations
 15164 | Lair:5   | Offered knowledge of Eringya's Noxious Bog by Vehumet.
 15793 | Lair:5   | Reached skill level 12 in Spellcasting
 15985 | Lair:5   | You add the spells Static Discharge, Starburst and Malign
                  | Gateway to your library.
 15985 | Lair:5   | Got the Secrets of Translocational Outbursts
 16181 | Orc:1    | Entered Level 1 of the Orcish Mines
 16195 | Orc:1    | Reached skill level 14 in Ice Magic
 16245 | Orc:2    | Entered Level 2 of the Orcish Mines
 16268 | Orc:1    | Found Orarojep's Assorted Antiques.
 16283 | Orc:1    | Noticed an orc warlord
 16287 | Orc:1    | Killed an orc warlord
 16372 | Orc:1    | Bought a green potion for 16 gold pieces
 16372 | Orc:1    | Bought a potion of heal wounds for 90 gold pieces
 16682 | Orc:1    | Reached skill level 8 in Conjurations
 16775 | Orc:2    | Noticed Snorg
 16786 | Orc:2    | Killed Snorg
 16840 | Orc:2    | Found a shimmering altar of Xom.
 16854 | Orc:2    | Found a staircase to the Elven Halls.
 17143 | Orc:2    | Offered knowledge of Yara's Violent Unravelling by Vehumet.
 17234 | Orc:2    | Reached skill level 12 in Earth Magic
 17506 | Orc:2    | Reached skill level 15 in Ice Magic
 17912 | Orc:2    | Noticed an orc warlord
 17924 | Orc:2    | Killed an orc warlord
 18018 | Orc:2    | Reached XP level 15. HP: 86/86 MP: 28/31
 18061 | Orc:2    | Found Myceuh's Armour Emporium.
 18115 | Orc:2    | Found Houbbin's Armour Boutique.
 18117 | Orc:2    | Found Tomo's Jewellery Boutique.
 18151 | Orc:2    | Found Mavaom's General Store.
 18178 | Orc:2    | Bought a +0 helmet of intelligence for 161 gold pieces
 18209 | Orc:2    | Bought a potion of haste for 150 gold pieces
 18380 | D:11     | Bought the Unrestrained Analects for 690 gold pieces
 18380 | D:11     | You add the spells Olgreb's Toxic Radiance, Ignition and
                  | Discord to your library.
 18380 | D:11     | Bought a potion of resistance for 150 gold pieces
 18539 | D:12     | Found Ummakus's One-of-a-Kind Rings.
 18546 | D:12     | Bought the ring of Midsummer {rF+ rC+ rN+ Will+ Str-3} for
                  | 637 gold pieces
 18606 | D:12     | Found Eeaggon's Eclectic Emporium.
 18780 | D:12     | Reached skill level 13 in Earth Magic
 19031 | D:12     | Reached skill level 16 in Ice Magic
 19341 | D:13     | Found a blossoming altar of Fedhas.
 20377 | D:14     | You pick up a book of Alchemy and begin reading...
 20705 | D:14     | Found a radiant altar of Vehumet.
 20795 | D:14     | Reached skill level 17 in Ice Magic
 20961 | D:14     | Found a runed translucent gate.
 20961 | D:14     | Found a runed translucent gate.
 20962 | D:14     | Noticed pdpol's ghost (journeyman MiFi)
 20965 | D:14     | Found a runed translucent gate.
 21101 | D:14     | Found a gate to the Vaults.
 21409 | D:15     | Entered Level 15 of the Dungeon
 21414 | D:15     | Offered knowledge of Fireball by Vehumet.
 21553 | D:15     | Found a staircase to the Depths.
 21591 | D:15     | Reached ****** piety under Vehumet
 21593 | D:15     | Reached skill level 18 in Ice Magic
 21647 | D:15     | Identified the +1 pair of gloves of Indecent Exposure
                  | {Will+}
 21892 | D:15     | Reached XP level 16. HP: 77/92 MP: 32/32
 22855 | Spider:1 | Entered Level 1 of the Spider Nest
 22855 | Spider:1 | Noticed Agnes
 22859 | Spider:1 | Killed Agnes
 22860 | Spider:1 | Reached skill level 19 in Ice Magic
 24051 | Spider:1 | Reached skill level 20 in Ice Magic
 24091 | Spider:1 | Offered knowledge of Plasma Beam by Vehumet.
 24192 | Shoals:1 | Entered Level 1 of the Shoals
 24597 | Shoals:1 | Found a runed translucent door.
 24597 | Shoals:1 | Found a shimmering altar of Xom.
 24597 | Shoals:1 | Noticed KappaVara's ghost (adept DsFi)
 24598 | Shoals:1 | Identified the +8 demon trident of Saoriv {chaos, Fly}
 24607 | Shoals:1 | Noticed a kraken
 24617 | Shoals:1 | Killed a kraken
 24628 | Shoals:1 | Learned a level 9 spell: Polar Vortex
 24825 | Shoals:1 | Found a transporter.
 24828 | Shoals:1 | Identified the ring "Ysmus" {Fly rElec}
 24971 | Shoals:1 | Found a transporter.
 25492 | Shoals:2 | Reached skill level 21 in Ice Magic
 25547 | Shoals:2 | Reached XP level 17. HP: 94/96 MP: 33/33
 25622 | Shoals:2 | Noticed Polyphemus
 25631 | Shoals:2 | Killed Polyphemus
 26357 | Shoals:3 | Found Oluehetu's Distillery.
 26386 | Shoals:3 | Bought a potion of invisibility for 136 gold pieces
 27006 | Shoals:3 | Noticed Bai Suzhen
 27034 | Shoals:3 | Killed from afar by Bai Suzhen

Vanquished Creatures
  Polyphemus (Shoals:2)
  A kraken (Shoals:1)
  Agnes (Spider:1)
  2 orc warlords
  2 broodmothers (Spider:1)
  A spark wasp (Spider:1)
  Josephine (D:10)
  Snorg (Orc:2)
  3 merfolk impalers
  An ettin (D:15)
  An entropy weaver (Spider:1)
  Fannar (Lair:1)
  4 hydras
  2 ogre magi
  A merfolk aquamancer (Shoals:2)
  5 boulder beetles
  Erica (D:8)
  4 catoblepae
  7 centaur warriors
  6 two-headed ogres
  A death knight (D:15)
  19 death yaks
  A merfolk avatar (Shoals:2)
  3 orc high priests (Orc:2)
  9 tengu warriors
  Urug (D:10)
  Sonja (D:10)
  6 skeletal warriors
  8 skysharks
  6 sea snakes
  A deep troll (D:15)
  2 orb spiders (Spider:1)
  A phantasmal warrior (D:15)
  Lodul (D:10)
  12 harpies
  2 deep elf pyromancers
  Pikel (D:7)
  A necromancer (D:15)
  8 ugly things
  5 orc sorcerers
  2 wolf spiders (Spider:1)
  6 orc knights (Orc:2)
  2 cyclopes (Orc:2)
  7 manticores
  2 merfolk sirens
  A moth of wrath (Spider:1)
  A salamander (shapeshifter) (D:15)
  4 black mambas
  3 demonic crawlers (Spider:1)
  Joseph (Lair:1)
  3 cane toads (Lair:5)
  2 gargoyles
  A torpor snail (Lair:1)
  An unseen horror (D:11)
  2 water nymphs (Shoals:1)
  A freezing wraith (D:15)
  Maggie (D:7)
  A kobold demonologist (D:9)
  8 komodo dragons
  4 rime drakes
  9 meliai
  9 trolls
  2 polar bears (Lair:3)
  A hornet (D:9)
  A wind drake (Shoals:1)
  11 merfolk
  9 saltlings (Orc:2)
  4 tarantellas (Spider:1)
  2 snapping turtles (Shoals:1)
  13 blink frogs
  11 slime creatures
  23 jumping spiders
  4 culicivoras (Spider:1)
  3 water elementals (Shoals:2)
  2 wyverns
  A vampire (D:11)
  A centaur simulacrum (D:14)
  A yak (shapeshifter) (D:15)
  2 shadows
  6 wraiths
  49 yaks
  6 basilisks
  2 steam dragons
  A warg (Orc:2)
  Menkaure (Ossuary)
  9 redbacks
  3 vampire mosquitoes (D:13)
  Edmund (D:4)
  2 acid dragons
  15 water moccasins
  2 black bears (D:11)
  23 orc warriors
  3 ice beasts
  18 ogres
  8 centaurs
  2 phantoms
  17 wolves
  10 bullfrogs
  3 kobold brigands
  5 necrophages (Lair:4)
  A gnoll sergeant (D:7)
  3 scorpions
  10 wights
  9 killer bees
  4 howler monkeys
  5 electric eels (Spider:1)
  7 hounds
  2 gnoll boudas
  3 jellies (Lair:4)
  18 orc priests
  3 iguanas
  25 orc wizards
  3 mummies (Ossuary)
  10 gnolls
  9 adders
  A shadow imp (D:7)
  3 white imps
  An ufetubus (D:6)
  2 worms (D:2)
  A dart slug (D:3)
  110 orcs
  3 ball pythons
  2 bats
  6 endoplasms
  4 giant cockroaches
  4 gnoll zombies (Ossuary)
  10 goblins
  4 hobgoblins
  4 jackals (D:3)
  8 quokkas
  5 frilled lizards
  3 gnoll skeletons (Ossuary)
  4 goblin skeletons (Ossuary)
  3 goblin zombies (Ossuary)
  2 hobgoblin skeletons (Ossuary)
  5 hobgoblin zombies (Ossuary)
  15 kobolds
  2 kobold skeletons (Ossuary)
  6 kobold zombies (Ossuary)
  8 orc skeletons (Ossuary)
  3 orc zombies (Ossuary)
  3 rats
  6 rat skeletons (Ossuary)
  4 rat zombies (Ossuary)
  A butterfly (Lair:4)
  4 tentacles (Shoals:1)
832 creatures vanquished.

Vanquished Creatures (collateral kills)
  An orc (D:6)
1 creature vanquished.

Grand Total: 833 creatures vanquished

Table legend:
 A = Non-vault XP
 B = Vault XP
 C = Vault XP percentage of total XP
 D = Non-vault monster count
 E = Vault monster count
 F = Vault count percentage of total count
                 A         B        C        D         E       F
            +---------+---------+-------+---------+---------+-------
      Total |  127324 |   65505 |  34.0 |     569 |     259 |  31.3
            +---------+---------+-------+---------+---------+-------
        D:1 |      34 |       0 |   0.0 |      20 |       0 |   0.0
        D:2 |      40 |       0 |   0.0 |      13 |       0 |   0.0
        D:3 |     238 |       0 |   0.0 |      28 |       0 |   0.0
        D:4 |     326 |     162 |  33.2 |      21 |       1 |   4.5
        D:5 |     810 |       0 |   0.0 |      19 |       0 |   0.0
        D:6 |    1382 |       3 |   0.2 |      27 |       1 |   3.6
        D:7 |     718 |     972 |  57.5 |      23 |       2 |   8.0
        D:8 |    2375 |     964 |  28.9 |      39 |       2 |   4.9
        D:9 |    1287 |    2077 |  61.7 |      22 |       7 |  24.1
       D:10 |     888 |    4577 |  83.8 |       7 |      14 |  66.7
       D:11 |    2442 |    1347 |  35.6 |      11 |      23 |  67.6
       D:12 |    5270 |       0 |   0.0 |      18 |       0 |   0.0
       D:13 |    4251 |     106 |   2.4 |      12 |       1 |   7.7
       D:14 |   10487 |    1387 |  11.7 |      20 |       2 |   9.1
       D:15 |   14352 |    9337 |  39.4 |      26 |      13 |  33.3
     Lair:1 |    5749 |    4014 |  41.1 |      28 |      14 |  33.3
     Lair:2 |    6469 |     397 |   5.8 |      13 |       2 |  13.3
     Lair:3 |    2578 |     278 |   9.7 |      14 |       1 |   6.7
     Lair:4 |    3173 |    1364 |  30.1 |      14 |       9 |  39.1
     Lair:5 |   14446 |    9667 |  40.1 |      41 |      20 |  32.8
   Shoals:1 |   12386 |       0 |   0.0 |      22 |       0 |   0.0
   Shoals:2 |   13976 |    4841 |  25.7 |      24 |       5 |  17.2
   Shoals:3 |    3491 |       0 |   0.0 |       6 |       0 |   0.0
   Spider:1 |   15578 |    4928 |  24.0 |      46 |      16 |  25.8
      Orc:1 |    3032 |       0 |   0.0 |      29 |       0 |   0.0
      Orc:2 |    1546 |   18806 |  92.4 |      26 |      72 |  73.5
    Ossuary |       0 |     278 | 100.0 |       0 |      54 | 100.0
            +---------+---------+-------+---------+---------+-------

Skill      XL: |  1  2  3  4  5  6  7  8  9 10 11 12 13 14 15 16 |
---------------+-------------------------------------------------+-----
Earth Magic    | 4 5 6 8 9 11 12 13 | 13.0
Fighting       | 1 2 4 6 7 |  7.0
Dodging        | 2 3 5 6 7 |  7.0
Conjurations   | 4 6 8 |  8.0
Spellcasting   | 4 6 9 10 11 12 | 12.0
Ice Magic      | 5 11 13 15 18 21 | 21.6
Air Magic      | 4 |  4.0
Shields        | 2 3 |  3.0
Stealth        | |  2.1
Transmutations | |  0.7

Action                     |  1- 3 |  4- 6 |  7- 9 | 10-12 | 13-15 | 16-18 || total
---------------------------+-------+-------+-------+-------+-------+-------++-------
  Throw: Stone             |       |     2 |     7 |       |       |       ||     9
         Dart              |       |       |       |     3 |       |       ||     3
   Cast: Sandblast         |    44 |    72 |   192 |   201 |    15 |       ||   524
         Stone Arrow       |       |     1 |    21 |    69 |   102 |    18 ||   211
         Freezing Cloud    |       |       |       |    49 |   181 |    45 ||   275
         Iron Shot         |       |       |       |       |    68 |    31 ||    99
         Ozocubu's Refrige |       |       |       |       |    79 |   105 ||   184
         Lee's Rapid Decon |       |       |       |       |     2 |       ||     2
    Use: Scroll            |       |     6 |    19 |     4 |     6 |     5 ||    40
         Potion            |       |       |       |     2 |     1 |     3 ||     6
 Armour: Robe              |       |    21 |    29 |    15 |    36 |    91 ||   192
         Steam dragon scal |       |       |     5 |    35 |       |       ||    40
         Acid dragon scale |       |       |       |    44 |       |       ||    44
  Dodge: Dodged            |     3 |    32 |    57 |   161 |    52 |    44 ||   349
  Block: Buckler           |       |       |       |     5 |    27 |    24 ||    56

Illustrated notes

Table legend:
 A = Kills in this place as a percentage of kills in the entire game.
 B = Kills by you in this place as a percentage of kills by you in the entire game.
 C = Kills by friends in this place as a percentage of kills by friends in the entire game.
 D = Other kills in this place as a percentage of other kills in the entire game.
 E = Experience gained in this place as a percentage of experience gained in the entire game.
 F = Experience gained in this place divided by the number of levels of this place that you have seen.
                   A       B       C       D       E      F
               +-------+-------+-------+-------+-------+----------------------
         Total | 100.0 | 100.0 | 100.0 |   N/A | 100.0 | 7141.8
       Dungeon |  44.9 |  44.9 | 100.0 |   N/A |  34.1 | 4388.8
          Lair |  18.8 |  18.9 |   0.0 |   N/A |  25.0 | 9627.0
        Shoals |   6.9 |   6.9 |   0.0 |   N/A |  18.0 | 11564.7
   Spider Nest |   7.5 |   7.5 |   0.0 |   N/A |  10.6 | 20506.0
  Orcish Mines |  15.3 |  15.4 |   0.0 |   N/A |  12.1 | 11692.0
       Ossuary |   6.5 |   6.5 |   0.0 |   N/A |   0.1 | 278.0
               +-------+-------+-------+-------+-------+----------------------

Table legend: (Time is in decaauts)
 A = Elapsed time spent in this place.
 B = Non-inter-level travel time spent in this place.
 C = Inter-level travel time spent in this place.
 D = Time resting spent in this place.
 E = Time spent auto-exploring this place.
 F = Levels seen in this place.
 G = Mean time per level.
                   A        B        C        D        E       F      G
               +--------+--------+--------+--------+--------+-----+--------+
         Total |  27276 |  25578 |   1698 |   3264 |  16456 |  27 | 1010.2 |
       Dungeon |  14029 |  12945 |   1084 |   1000 |   9098 |  15 |  935.3 |
          Lair |   6609 |   6204 |    405 |    929 |   4188 |   5 | 1321.8 |
        Shoals |   2837 |   2798 |     39 |    509 |   1568 |   3 |  945.7 |
   Spider Nest |    994 |    994 |      0 |    323 |    435 |   1 |  994.0 |
  Orcish Mines |   2165 |   1996 |    169 |    401 |    934 |   2 | 1082.5 |
       Ossuary |    640 |    640 |      0 |    102 |    233 |   1 |  640.0 |
               +--------+--------+--------+--------+--------+-----+--------+

Top non-repeatable levels by time:
   Orc:2: 1652 daAuts
  Lair:2: 1632 daAuts
  Lair:1: 1611 daAuts
  Lair:5: 1571 daAuts
    D:14: 1361 daAuts
Shoals:1: 1314 daAuts
    D:11: 1292 daAuts
    D:10: 1218 daAuts
    D:13: 1101 daAuts
  Lair:3: 1081 daAuts
    D:15: 1068 daAuts
Spider:1: 994 daAuts
     D:1: 993 daAuts
     D:7: 988 daAuts
     D:3: 953 daAuts
